 Dungeon Crawl Stone Soup version 0.30-a0-782-ge64f9170bb (webtiles) character file.

Game seed: 9666988697291554251

48 Querens the Vexing (level 3, -3/17 HPs)
             Began as a Spriggan Hexslinger on Feb 20, 2023.
             Constricted to death by Sigmund (9 damage)
             ... on level 2 of the Dungeon.
             The game lasted 00:03:38 (801 turns).

Querens the Vexing (Spriggan Hexslinger)             Turns: 801, Time: 00:03:39

Health: -3/17      AC:  3    Str:  6    XL:     3   Next: 50%
Magic:  7/8        EV: 15    Int: 14    God:
Gold:   156        SH:  0    Dex: 23    Spells: 1/7 levels left

rFire   . . .      SeeInvis +    a - +1 sling
rCold   + . .      Faith    .    (no shield)
rNeg    . . .      Spirit   .    c - +0 robe
rPois   .          Reflect  .    (helmet restricted)
rElec   .          Harm     .    f - +0 cloak
rCorr   .          Rampage  .    (gloves unavailable)
Will    .....                    (boots unavailable)
Stlth   ++                       (no amulet)
HPRegen 0.22/turn                h - +6 ring of dexterity
MPRegen 0.11/turn                j - ring of protection from cold

@: grasped by roots, constricted, very quick
A: very small, no large weapons, unfitting armour, see invisible, speed 3
a: no special abilities


You were on level 2 of the Dungeon.
You visited 1 branch of the dungeon, and saw 2 of its levels.

You collected 156 gold pieces.

Inventory:

Hand Weapons
 a - a +1 sling (weapon)
Missiles
 n - an atropa-tipped dart
Armour
 c - a +0 robe (worn)
 f - a +0 cloak (worn)
Magical Staves
 i - a staff of earth
Jewellery
 h - a +6 ring of dexterity (left hand)
 j - a ring of protection from cold (right hand)
Scrolls
 b - a scroll of poison
 d - 2 scrolls of identify {unknown}
 g - a scroll of enchant weapon {unknown}
 k - a scroll of teleportation {unknown}
 m - a scroll of blinking {unknown}
Potions
 e - 2 potions of curing {unknown}
 l - a potion of degeneration {unknown}


   Skills:
 - Level 0.7 Fighting
 + Level 2.7 Ranged Weapons
 - Level 2.6 Dodging
 + Level 2.6 Spellcasting
 + Level 4.3 Hexes


You had one spell level left.
You knew the following spells:

 Your Spells              Type           Power      Damage    Failure   Level
a - Slow                  Hex            56%        N/A       3%          1
b - Ensorcelled Hibernat  Hex/Ice        14%        N/A       14%         2
c - Portal Projectile     Hex/Tloc       14%        N/A       26%         3

Your spell library contained the following spells:

 Spells                   Type           Power      Damage    Failure   Level
 Inner Flame              Hex/Fire       7%         N/A       26%         3
 Cause Fear               Hex            7%         N/A       36%         4
 Spider Form              Tmut/Pois      1%         N/A       54%         3
 Anguish                  Hex/Necr       3%         N/A       65%         4


Dungeon Overview and Level Annotations

Branches:
Dungeon (2/15)

Altars:

Annotations:
D:2 Sigmund


Innate Abilities, Weirdness & Mutations

You are very small and have problems with some larger weapons.
You are too small for most types of armour.
You have supernaturally acute eyesight. (SInv)
You cover ground extremely quickly. (Speed+++)


Message History

Sigmund completely misses himself.
Casting: Slow (safe; 3% risk of failure)
Confirm with . or Enter, or press ? or * to list all spells.
Aiming: Slow (safe; 3% risk of failure)
Press: ? - help, Shift-Dir - straight line, f/p - Sigmund
Aim: Sigmund, wielding a +2 scythe of protection, wearing a +0 robe and carrying a wand of roots (2) (slightly transparent, confused, blind, chance to affect: 56%) Sigmund seems to slow down.
Sigmund seems less confused.
You shoot a sling bullet.
The sling bullet closely misses Sigmund.
You shoot a sling bullet.
The sling bullet closely misses Sigmund.
Sigmund is no longer blind.
Sigmund zaps a wand.
The roots erupt in riotous growth!
The grasping roots grab you! The grasping roots constrict you.
* * * LOW HITPOINT WARNING * * *
You escape the roots grasp.
Throw: 2 darts (atropa)
Press: ? - help, Shift-Dir - straight line, f/p - Sigmund
Aim: Sigmund, wielding a +2 scythe of protection, wearing a +0 robe and carrying a wand of roots (1) (slightly transparent, slow, 60% to hit, chance to blind on hit: 75%)
You throw an atropa-tipped dart. The atropa-tipped dart hits Sigmund.
Sigmund appears confused.
Sigmund seems less confused.
You are too injured to fight recklessly!
Fire: a) +1 sling
Press: ? - help, Shift-Dir - straight line, f/p - Sigmund
Aim: Sigmund, wielding a +2 scythe of protection, wearing a +0 robe and carrying a wand of roots (1) (slightly transparent, blind, slow, 60% to hit)
You shoot a sling bullet.
The sling bullet closely misses Sigmund.
Fire: a) +1 sling
Press: ? - help, Shift-Dir - straight line, f/p - Sigmund
Aim: Sigmund, wielding a +2 scythe of protection, wearing a +0 robe and carrying a wand of roots (1) (slightly transparent, blind, slow, 60% to hit)
You shoot a sling bullet.
The sling bullet hits Sigmund but does no damage.
Sigmund is no longer blind.
Sigmund zaps a wand.
The roots erupt in riotous growth!
The grasping roots grab you!
The now-empty wand crumbles to dust.
The grasping roots constrict you!
Ouch! That really hurt!
You die...

..............# ##...###.# #
..............# ##......#.# ###
............<##
#.........#####..
.....##.....##
#...>...........# ###.......###
#......(##....... #.......#
##.....#(..###### #.......#
##.).†@.(###
#.......#######...>...#########
#.............@................
#.......#######.......#########
#.......# ##.....## #.......#
##...## #.......# #####
#########


You could see Sigmund (invisible, slow).

Vanquished Creatures
  An adder (D:2)
  2 dart slugs (D:1)
  3 bats
  3 endoplasms
  2 giant cockroaches (D:1)
  5 goblins
  2 hobgoblins
  2 jackals (D:1)
  4 ball pythons
  A frilled lizard (D:1)
  3 kobolds (D:1)
  4 rats
32 creatures vanquished.

Notes
Turn   | Place    | Note
-------+----------+-------------------------------------------
     0 | D:1      | Querens the Spriggan Hexslinger began the quest for the
                  | Orb.
     0 | D:1      | Reached XP level 1. HP: 9/9 MP: 3/3
   114 | D:1      | You fall into a shaft and drop 1 floor!
   210 | D:2      | Reached XP level 2. HP: 14/14 MP: 5/5
   297 | D:1      | Reached skill level 4 in Hexes
   444 | D:1      | Reached XP level 3. HP: 12/17 MP: 7/7
   488 | D:1      | Found a faded altar of an unknown god.
   677 | D:2      | Learned a level 2 spell: Ensorcelled Hibernation
   681 | D:2      | Learned a level 3 spell: Portal Projectile
   716 | D:2      | Noticed Sigmund
   801 | D:2      | Constricted to death by Sigmund

Illustrated notes

Levels and vault maps discovered:
D:1:      shiori_arrival_elements, layout_basic,
          shapermc_ecumenical_altar_mp_urbaneastern, minmay_misc_feat_doors
D:2:      layout_rooms, uniq_sigmund

Skill      XL: |  1  2 |
---------------+-------+-----
Spellcasting   | 2 |  2.6
Hexes          | 4 |  4.3
Fighting       | |  0.7
Ranged Weapons | |  2.7
Dodging        | |  2.6

Action                     || total
---------------------------++-------
   Fire: Sling             ||    80
  Throw: Dart              ||     4
   Cast: Slow              ||     3
 Armour: Robe              ||     5
  Dodge: Dodged            ||    25

Table legend: (Time is in decaauts)
 A = Elapsed time spent in this place.
 B = Non-inter-level travel time spent in this place.
 C = Inter-level travel time spent in this place.
 D = Time resting spent in this place.
 E = Time spent auto-exploring this place.
 F = Levels seen in this place.
 G = Mean time per level.
                   A        B        C        D        E       F      G
               +--------+--------+--------+--------+--------+-----+--------+
         Total |    558 |    531 |     27 |      0 |      0 |   2 |  279.0 |
       Dungeon |    558 |    531 |     27 |      0 |      0 |   2 |  279.0 |
               +--------+--------+--------+--------+--------+-----+--------+

Top non-repeatable levels by time:
     D:1: 345 daAuts
     D:2: 213 daAuts
